 Dungeon Crawl Stone Soup version 0.20.0-15-g7f486f2 (webtiles) character file.

6 renl the Scratcher (level 1, -3/9 HPs)
             Began as a Felid Transmuter on July 6, 2017.
             Slain by a kobold
             ... wielding a +0 short sword
              (5 damage)
             ... on level 1 of the Dungeon.
             The game lasted 00:00:46 (169 turns).

renl the Scratcher (Felid Transmuter)                Turns: 169, Time: 00:00:47

Health: -3/9       AC:  1    Str:  6    XL:     1   Next: 75%
Magic:  3/4        EV: 18    Int: 14    God:
Gold:   34         SH:  0    Dex: 16    Spells: 3/4 levels left
                                        Lives:  0   Deaths: 0

rFire    . . .     SeeInvis +     - Unarmed
rCold    . . .     Gourm    .   (shield unavailable)
rNeg     . . .     Faith    .   (armour unavailable)
rPois    .         Spirit   .   (helmet unavailable)
rElec    .         Reflect  .   (cloak unavailable)
rCorr    .         Harm     .   (gloves unavailable)
MR       .....                  (boots unavailable)
Stlth    ++........             (no amulet)
Regen    0.1/turn               (no ring)
MPRegen  0.1/turn               (no ring)

@: appendage (expiring), quick
A: no armour, no weapons or thrown items, stealth, claws 1, fangs 3, horns 2,
see invisible, carnivore 3, speed 1, shaggy fur 1, slow metabolism 1, sharp paws
a: End Transformation


You were on level 1 of the Dungeon.
You were full.
You had grown temporary horns.
You visited 1 branch of the dungeon, and saw 1 of its levels.

You collected 34 gold pieces.

Inventory:

Missiles
 a - 12 arrows
Scrolls
 d - a scroll of noise {unknown}
Potions
 e - a potion of might {unknown}
 f - a potion of curing {unknown}
Books
 b - a book of Changes

   Spells                             Type                      Level
   a - Beastly Appendage              Transmutation                1
   b - Sticks to Snakes               Transmutation                2
   c - Spider Form                    Transmutation/Poison         3
   d - Ice Form                       Ice/Transmutation            4
   e - Blade Hands                    Transmutation                5
Comestibles
 c - a meat ration


   Skills:
 + Level 1.0 Fighting
 + Level 2.9 Dodging
 * Level 3.2 Unarmed Combat
 - Level 2.0 Spellcasting
 * Level 2.3 Transmutations


You had 3 spell levels left.
You knew the following spells:

 Your Spells              Type           Power        Failure   Level  Hunger
a - Beastly Appendage     Tmut           #.....       9%          1    ##.....


Dungeon Overview and Level Annotations

Branches:
Dungeon (1/15)

Altars:


Innate Abilities, Weirdness & Mutations

You cannot wear armour.
You are incapable of wielding weapons or throwing items.
Your paws allow you to move quietly. (Stealth)
You have sharp claws.
You have razor-sharp teeth.
You have supernaturally acute eyesight. (SInv)
You are carnivorous and can eat meat at any time.
You cover ground quickly.
You are covered in fur. (AC +1)
You have a slow metabolism.
Your sharp claws are effective at attacking unaware monsters.
You have a pair of horns on your head.


Message History

You are too injured to fight recklessly!
You are too injured to fight recklessly!
You are too injured to fight recklessly!
You are too injured to fight recklessly!
You are too injured to fight recklessly!
You are too injured to fight recklessly!
You are too injured to fight recklessly!
You are too injured to fight recklessly!
You are too injured to fight recklessly!
You scratch the kobold but do no damage.
Your headbutt misses the kobold.
The kobold is moderately wounded.
The kobold barely misses you.
The kobold throws a stone.
The stone completely misses you.
You scratch the kobold.
The kobold is severely wounded.
Your transformation is almost over.
The kobold hits you with a short sword.
Ouch! That really hurt!
You die...

.........#.#..#.....
.........#.#........
##......... .......
##.......####...###+#
##...................
##..................#
........#.###(..##..#
#######.#.# #(..##..#
######.#.###...@...#
............>....KK.#
.######.#.###...........
#.#.# ####.....#.. #.#.#
###...# . #.... .....
#.#.. .#.#.# ......
.#.#.# .# #..


You could see 2 kobolds.

Vanquished Creatures
  2 giant cockroaches (D:1)
  A hobgoblin (D:1)
  A bat (D:1)
  A frilled lizard (D:1)
  A rat (D:1)
6 creatures vanquished.

Notes
Turn   | Place    | Note
-------+----------+-------------------------------------------
     0 | D:1      | renl the Felid Transmuter began the quest for the Orb.
     0 | D:1      | Reached XP level 1. HP: 9/9 MP: 4/4
   169 | D:1      | Slain by a kobold

Action                   || total
-------------------------++-------
Melee: Unarmed           ||    20
       Bite              ||     2
       Punch             ||     1
 Cast: Beastly Appendage ||     3
 Stab: Sleeping          ||     2
  Eat: Chunk             ||     3
Dodge: Dodged            ||    19
